cohdb
Replays
Latest Replays
All Replays
Popular Replays
Top Player Replays
Match Explorer
How It Works
Community
CoH3 Stats
Reddit
Sign in to upload your games and track your stats! →
Sign in with Steam
Match 36348780
Unlisted
Match 36348780
Overview
Messages
Build Orders
End
Construct Infanterie Kompanie
Kettenkrad Recon Vehicle
MG 42 Machine Gun Team
Grenadier Squad
GrW 34 Mortar Team
Construct Panzergrenadier Kompanie
Grenadier Squad
251 Medium Carrier
Pak 40 Anti-tank Gun Team
Panzergrenadier Squad
Construct Panzer Kompanie
Sturmpanzer IV Brummbär
Pak 40 Anti-tank Gun Team
Medical Station
Pioneer Squad
Selects Luftwaffe Battlegroup
Selects Luftwaffe Pioneer Support
Selects Flak 38 Anti-Air Emplacement
Selects Infantry Reserves
Selects Stuka Strafing Run
Selects Fallschirmjäger Squad Paradrop
Pak 40 Anti-tank Gun Team
Side Skirts
PIZZADAYO
Alex
Yaas
XXxxxGxxxXX
bestia z wadowic
DeltaBravo82
Spøøkyム
riptiderougher08
0
0
Comments
sign in to comment!
No comments posted yet!